 Dungeon Crawl Stone Soup version 0.31.0-32-g396128a36d (webtiles) character file.

Game seed: 14351920162075628753

251 Katie the Shooter (level 6, 0/46 HPs)
             Began as a Human Hunter on Apr 16, 2024.
             Was an Initiate of Qazlal.
             Shot with an arrow by a centaur (8 damage)
             ... on level 4 of the Dungeon.
             The game lasted 00:10:58 (3102 turns).

Katie the Shooter (Human Hunter)                    Turns: 3102, Time: 00:10:58

Health: 0/46       AC:  7    Str: 11    XL:     6   Next: 13%
Magic:  6/6        EV: 17    Int: 11    God:    Qazlal [......]
Gold:   257        SH:  0    Dex: 17    Spells: 5/5 levels left

rFire   . . .        r - +1 dagger (venom)
rCold   . . .        (no shield)
rNeg    . . .        c - +1 leather armour
rPois   .            l - +2 helmet
rElec   .            (no cloak)
rCorr   .            (no gloves)
SInv    .            (no boots)
Will    .....        (no amulet)
Stlth   ++           h - +5 ring of evasion
HPRegen 0.27/turn    (no ring)
MPRegen 0.10/turn

%: no passive effects
@: no status effects
A: explore regen
a: Renounce Religion


You were on level 4 of the Dungeon.
You worshipped Qazlal.
Qazlal was noncommittal.
You visited 2 branches of the dungeon, and saw 5 of its levels.

You collected 281 gold pieces.
You donated 24 gold pieces to Zin.

Inventory:

Hand Weapons
 a - a +0 shortbow
 r - a +1 dagger of venom (weapon)
Missiles
 q - 4 atropa-tipped darts (quivered)
Armour
 c - a +1 leather armour (worn)
 l - a +2 helmet (worn)
Jewellery
 f - a +6 ring of intelligence
 h - a +5 ring of evasion (left hand)
 i - a ring of flight
Scrolls
 b - a scroll of butterflies
 e - 2 scrolls of teleportation
Potions
 d - 2 potions of invisibility
 j - a potion of mutation
 k - a potion of cancellation {unknown}
 m - a potion of enlightenment
 n - a potion of lignification
 o - 2 potions of magic
 p - a potion of attraction
 s - a potion of brilliance {unknown}


   Skills:
 * Level 2.7 Fighting
 * Level 1.2 Short Blades
 * Level 5.3 Ranged Weapons
 * Level 0.9 Throwing
 * Level 1.6 Armour
 * Level 2.8 Dodging
 * Level 2.1 Stealth
 * Level 1.1 Invocations


You had 5 spell levels left.
You didn't know any spells.
Your spell library contained the following spells:

 Spells                   Type           Power      Damage    Failure   Level
 Shock                    Conj/Air       0%         1d3       43%         1
 Hailstorm                Conj/Ice       0%         3d5       80%         3
 Summon Ice Beast         Ice/Summ       0%         N/A       80%         3
 Swiftness                Air            0%         N/A       80%         3
 Airstrike                Air            0%         2d(0-16)  99%         4
 Sculpt Simulacrum        Ice/Alch       0%         N/A       100%        6


Dungeon Overview and Level Annotations

Branches:
Dungeon (4/15)             Temple (1/1) D:4

Altars:
Fedhas
Hepliaklqana
Makhleb
Nemelex Xobeh
Qazlal
Ru
Trog
Vehumet
Xom
Yredelemnul
Zin
The Shining One


Innate Abilities, Weirdness & Mutations

You regain HP and MP as you explore.


Message History

The centaur is lightly wounded.
The centaur is no longer blind.
The centaur hits you but does no damage.
The centaur kicks you. The kobold misses you.
You closely miss the kobold. The centaur hits you. The centaur misses you.
The kobold misses you.
You hit the kobold.
You kill the kobold!
Qazlal accepts your kill. The centaur closely misses you. x2
The centaur hits you but does no damage.
The centaur kicks you.
You hit the centaur.
The centaur looks as sick as possible!
The centaur is moderately wounded.
The centaur completely misses you. The centaur misses you.
The centaur wields a +0 shortbow.
The centaur shoots an arrow.
The arrow hits you.
The centaur shoots an arrow.
The arrow hits you.
The centaur shoots an arrow.
The arrow barely misses you.
The centaur shoots an arrow.
The arrow completely misses you.
The centaur shoots an arrow.
The arrow hits you but does no damage.
The centaur shoots an arrow.
The arrow hits you!
* * * LOW HITPOINT WARNING * * *
The centaur shoots an arrow.
The arrow hits you.
* * * LOW HITPOINT WARNING * * *
Okay, then.
You start resting.
A centaur is nearby!
Throw: 5 darts (atropa)
Press: ? - help, Q - select action Shift-Dir - straight line, f/p - centaur
Aim: a centaur, wielding a +0 shortbow (almost dead, very poisoned, 69% to hit, chance to blind on hit: 67%)
You throw an atropa-tipped dart.
The atropa-tipped dart hits the centaur.
The centaur appears confused.
The centaur is almost dead.
The centaur seems less confused.
The centaur shoots an arrow.
The arrow completely misses you.
The centaur shoots an arrow.
The arrow barely misses you.
The centaur is no longer blind.
The centaur shoots an arrow.
The arrow closely misses you.
The centaur shoots an arrow.
The arrow hits you!
You die...

##..#............#
..8######...#########..##
#.......'().....#####..####
#..K....##.####............
..8#######.# ######.).....
! #.# ##.#.... #####(#
#######.#.... #.....#
#.....#......
#...)@####.....##.....
#..............)))..>.
#...c.####.....#######
####### #.....#
##.....#######
#............#
#............#
#............#
#............#


You could see a centaur (very poisoned).

Vanquished Creatures
  2 orc priests (D:4)
  3 orc wizards
  Robin (D:3)
  4 adders
  3 dart slugs
  A ribbon worm (D:2)
  3 orcs (D:4)
  3 bats
  6 endoplasms
  A giant cockroach (D:1)
  12 goblins
  4 hobgoblins
  A quokka (D:1)
  5 ball pythons
  A frilled lizard (D:2)
  8 kobolds
  2 rats
60 creatures vanquished.

Notes
Turn   | Place    | Note
-------+----------+-------------------------------------------
     0 | D:1      | Katie the Human Hunter began the quest for the Orb.
     0 | D:1      | Reached XP level 1. HP: 16/16 MP: 1/1
   123 | D:1      | Reached XP level 2. HP: 22/22 MP: 2/2
   245 | D:1      | Found a faded altar of an unknown god.
   254 | D:1      | Prayed at the altar of an unknown god.
   254 | D:1      | Became a worshipper of Zin the Law-Giver
   254 | D:1      | Reached * piety under Zin
   790 | D:2      | Reached XP level 3. HP: 18/28 MP: 3/3
   901 | D:2      | Reached ** piety under Zin
  1565 | D:3      | Reached *** piety under Zin
  1643 | D:3      | Reached XP level 4. HP: 34/34 MP: 4/4
  1900 | D:3      | Noticed Robin
  2089 | D:3      | Reached skill level 1 in Armour
  2098 | D:3      | Killed Robin
  2100 | D:3      | Reached **** piety under Zin
  2382 | D:4      | Found a staircase to the Ecumenical Temple.
  2418 | Temple   | Entered the Ecumenical Temple
  2577 | Temple   | Fell from the grace of Zin
  2577 | Temple   | Became a worshipper of Qazlal Stormbringer
  2651 | D:4      | Reached XP level 5. HP: 39/39 MP: 5/5
  2682 | Temple   | Reached skill level 5 in Ranged Weapons
  2768 | D:4      | Reached skill level 1 in Short Blades
  2939 | D:4      | Reached skill level 1 in Invocations
  3035 | D:4      | Reached XP level 6. HP: 44/46 MP: 6/6
  3102 | D:4      | Shot with an arrow by a centaur

Illustrated notes

Levels and vault maps discovered:
D:1:      nicolae_arrival_washed_ashore, layout_basic,
          shapermc_ecumenical_altar_venn
D:2:      layout_loops_ring, kennysheep_generic_room_7
D:3:      layout_basic, minmay_gold_behind_fungi, minivault_25, uniq_robin
D:4:      minmay_chambers_of_twos, layout_basic,
          minmay_temple_entry_purple_smoke
Temple:   nicolae_temple_slightly_damp_pantheon

Skill      XL: |  1  2  3  4  5 |
---------------+----------------+-----
Armour         | 1 |  1.6
Ranged Weapons | 5 |  5.3
Short Blades   | 1 |  1.2
Stealth        | 2 |  2.1
Invocations    | 1 |  1.1
Fighting       | |  2.7
Throwing       | |  0.9
Dodging        | |  2.8

Action                     |  1- 3 |  4- 6 || total
---------------------------+-------+-------++-------
  Melee: Unarmed           |    15 |       ||    15
         Dagger            |     5 |    37 ||    42
         Punch             |     1 |       ||     1
         Shortbow          |       |     3 ||     3
   Fire: Shortbow          |    73 |    68 ||   141
  Throw: Dart              |       |     2 ||     2
 Invoke: Recite            |       |     2 ||     2
    Use: Scroll            |     7 |     7 ||    14
         Potion            |     3 |     3 ||     6
 Armour: Leather armour    |    25 |    75 ||   100
         Skin              |    17 |       ||    17
  Dodge: Dodged            |    19 |    89 ||   108
